Senators vs Penguins

Created - February 18, 2017 at 12:48

Goals
1 2 3 T
Senators 1 0 1 2
Penguins 0 0 4 4
Shots
1 2 3 T
Senators 6 3 14 23
Penguins 7 6 17 30

1st period

1. Senators , Tyler Seguin 35 (Lauri Korpikoski, Mike Hoffman) at 13:05

Penalties :
Drew Miller (OTT) for Roughing (Minor) at 13:07, Luke Schenn (OTT) for Hooking (Minor) at 15:21

2nd period

No Goal

Penalties :
Olli Maatta (PIT) for Hooking (Minor) at 5:52, Mark Stone (OTT) for Holding (Minor) at 5:52, Mika Zibanejad (OTT) for Unsportsmanlike conduct (Minor) at 12:01, Olli Maatta (PIT) for Charging (Minor) at 14:58, Mika Zibanejad (OTT) for Holding Stick (Minor) at 19:49

3rd period

2. Penguins , Phil Kessel 25 (Ryan Suter, Victor Hedman) at 2:31
3. Penguins , David Perron 9 (Ryan Callahan) at 4:37
4. Senators , Mika Zibanejad 21 (Mark Stone, Michael Stone) at 7:49
5. Penguins , Ryan Callahan 11 (David Perron, Luke Glendening) at 11:31
6. Penguins , Luke Glendening 5 (Ryan Callahan, David Perron) at 13:07

Penalties :
Brandon Saad (PIT) for Goalie Interference (Minor) at 1:12, Drew Doughty (OTT) for Tripping (Minor) at 2:07, David Savard (PIT) for Hooking (Minor) at 16:58, Olli Maatta (PIT) for Fighting (Major) at 19:29, Anton Lander (OTT) for Fighting (Major) at 19:29, Luke Glendening (PIT) for Holding (Minor) at 19:55

Goalie Stats

Andrew Hammond (OTT), 26 saves from 30 shots - (0.867), L, 9-9-1, 60:00 minutes
Ryan Miller (PIT), 21 saves from 23 shots - (0.913), W, 16-21-3, 60:00 minutes

Players Stats for Senators

Player Name              G  A  P  +/- PIM S  H  SB GA TA FO     MP     PP MP  PK MP  
------------------------------------------------------------------------------------
Anton Lander             0  0  0  -1  5   0  2  0  0  0  9/18   16:15   0:00   4:54 
Beau Bennett             0  0  0  -1  0   0  3  1  0  0  0/3    16:13   0:51   3:47 
Connor Murphy            0  0  0  -1  0   0  5  1  0  0  0/0    20:14   0:26   3:56 
Drew Doughty             0  0  0  -1  2   2  0  1  0  0  0/0    19:39   2:42   0:00 
Drew Miller              0  0  0  -1  2   2  1  0  0  0  0/0    12:12   0:00   3:30 
Jared Cowen              0  0  0  -1  0   1  0  0  0  0  0/0    10:55   2:03   3:56 
Jason Garrison           0  0  0   2  0   1  0  0  0  0  0/0    19:35   2:18   0:00 
Lauri Korpikoski         0  1  1   1  0   0  2  0  0  0  2/2    18:16   1:25   0:00 
Luke Schenn              0  0  0  -2  2   0  2  1  0  0  0/0    12:45   0:00   0:00 
Marc Methot              0  0  0  -3  0   0  0  0  0  0  0/0    14:02   0:00   4:19 
Mark Stone               0  1  1  -2  2   4  1  1  0  0  0/1    20:29   2:56   0:00 
Michael Stone            0  1  1   2  0   2  2  1  0  0  0/0    22:48   1:12   4:19 
Mika Zibanejad           1  0  1  -1  4   1  4  0  0  0  14/27  18:44   1:25   0:00 
Mike Hoffman             0  1  1   1  0   2  0  0  0  0  0/3    19:40   1:25   0:00 
Milan Michalek           0  0  0   0  0   0  0  0  0  0  0/0     0:00   0:00   0:00 
Patrick Marleau          0  0  0  -1  0   3  0  0  0  0  0/2    19:26   2:56   0:58 
Steve Bernier            0  0  0   0  0   0  0  0  0  0  1/4     6:00   0:00   3:21 
Tyler Seguin             1  0  1   0  0   5  1  0  0  0  16/28  20:46   2:05   0:00 

Players Stats for Penguins

Player Name              G  A  P  +/- PIM S  H  SB GA TA FO     MP     PP MP  PK MP  
------------------------------------------------------------------------------------
Alexander Wennberg       0  0  0   0  0   4  1  0  0  0  14/23  18:56   4:22   0:00 
Brandon Saad             0  0  0  -1  2   0  2  0  0  0  0/0    19:50   3:52   0:36 
Daniel Paille            0  0  0   0  0   0  0  0  0  0  0/1     6:41   0:00   0:50 
David Perron             1  2  3   2  0   6  2  0  0  0  1/1    13:19   0:00   2:55 
David Savard             0  0  0   0  2   0  0  0  0  0  0/0    21:28   3:52   0:55 
Jacob De La Rose         0  0  0   0  0   1  0  0  0  0  5/9     6:31   0:00   0:40 
Jakub Voracek            0  0  0  -1  0   2  4  0  0  0  0/0    19:05   3:53   0:00 
Luke Glendening          1  1  2   2  2   5  3  1  0  0  13/25  13:14   0:00   2:51 
Mark Barberio            0  0  0   3  0   0  1  1  0  0  0/0    13:27   0:00   0:26 
Mark Giordano            0  0  0   0  0   2  2  1  0  0  0/0    23:34   3:52   3:00 
Nathan MacKinnon         0  0  0   1  0   3  0  0  0  0  2/6    20:19   4:22   0:00 
Oliver Bjorkstrand       0  0  0   0  0   0  0  0  0  0  0/0     4:55   0:00   0:00 
Olli Maatta              0  0  0   3  9   0  2  0  0  0  0/0    12:02   0:00   0:00 
Phil Kessel              1  0  1   1  0   3  2  0  0  0  0/1    20:19   4:22   0:00 
Ryan Callahan            1  2  3   2  0   2  0  0  0  0  1/2    11:20   0:00   0:50 
Ryan Suter               0  1  1  -1  0   1  1  2  0  0  0/0    24:26   4:23   2:22 
Victor Hedman            0  1  1  -1  0   0  2  0  0  0  0/0    24:03   4:23   1:59 
William Nylander         0  0  0  -1  0   1  0  0  0  0  10/20  18:25   3:53   0:00 

3 Stars

1 - David Perron (PIT)
2 - Ryan Callahan (PIT)
3 - Luke Glendening (PIT)

Power Play

Senators - 0 on 4 Attempt(s) - 0.00%
Penguins - 0 on 5 Attempt(s) - 0.00%

Penalty Kill

Senators - 5 on 5 Attempt(s) - 100.00% - Score 0 goal in Penalty Kill
Penguins - 4 on 4 Attempt(s) - 100.00% - Score 0 goal in Penalty Kill

Team Stat

Senators - Hits : 23 - Faceoff Wins : 42 - Blocked Shots : 6 - Penalty Minutes : 17
Penguins - Hits : 22 - Faceoff Wins : 46 - Blocked Shots : 5 - Penalty Minutes : 15

Official

Referees : Jean Hebert and Garrett Rank
Linesman : Darren Gibbs and Trent Knorr

Game Notes

Olli Maatta and Anton Lander fight to a draw at 19:29 of 3rd period

Finance

Level 1 -- Attendance: 4242 (65.26%) -- Ticket Income $530,250
Level 2 -- Attendance: 5000 (100.00%) -- Ticket Income $410,000
Level 3 -- Attendance: 3246 (92.74%) -- Ticket Income $194,760
Level 4 -- Attendance: 1874 (78.51%) -- Ticket Income $89,952
Luxury Box -- Attendance: 1000 (100.00%) -- Ticket Income $190,000
Game was played at the Consol Energy Center.
Total Attendance: 15362 (83.55%)
Total Ticket Income: $1,414,962
Other Income: $212,244
Total Income: $1,627,206

% Time on Ice - Senators

Lines # - Real PCT - Wanted PCT - Time Play
Normal Forward
1 - 36% - 36% - 15:32
2 - 39% - 34% - 16:51
3 - 20% - 20% - 8:43
4 - 6% - 10% - 2:39
Normal Defense
1 - 36% - 36% - 15:52
2 - 35% - 34% - 15:07
3 - 21% - 20% - 9:19
4 - 8% - 10% - 3:27
PP Forward
1 - 67% - 50% - 2:56
2 - 33% - 50% - 1:25
PP Defense
1 - 62% - 50% - 2:43
2 - 38% - 50% - 1:38
PK Forward
1 - 59% - 50% - 4:54
2 - 41% - 50% - 3:21
PK Defense
1 - 52% - 50% - 4:19
2 - 48% - 50% - 3:56
PK3 Forward
1 - 0% - 50%
2 - 0% - 50%
PK3 Defense
1 - 0% - 50%
2 - 0% - 50%
44 Forward
1 - 50% - 52% - 1:50
2 - 50% - 48% - 1:49
44 Defense
1 - 41% - 52% - 1:29
2 - 59% - 48% - 2:10
Last Minute Offensive  - 0:00
Last Minute Defensive  - 0:00
Total
Forward - 60:00
Defense - 60:00

% Time on Ice - Penguins

Lines # - Real PCT - Wanted PCT - Time Play
Normal Forward
1 - 32% - 33% - 13:54
2 - 33% - 33% - 14:32
3 - 24% - 23% - 10:24
4 - 11% - 11% - 4:55
Normal Defense
1 - 37% - 40% - 16:14
2 - 35% - 35% - 15:26
3 - 28% - 25% - 12:05
4 - 0% - 0% - 0:00
PP Forward
1 - 53% - 60% - 4:22
2 - 47% - 40% - 3:53
PP Defense
1 - 53% - 60% - 4:23
2 - 47% - 40% - 3:52
PK Forward
1 - 81% - 60% - 3:31
2 - 19% - 40% - 0:50
PK Defense
1 - 46% - 60% - 1:59
2 - 54% - 40% - 2:22
PK3 Forward
1 - 0% - 60%
2 - 0% - 40%
PK3 Defense
1 - 0% - 60%
2 - 0% - 40%
44 Forward
1 - 82% - 60% - 2:59
2 - 18% - 40% - 0:40
44 Defense
1 - 65% - 60% - 2:23
2 - 35% - 40% - 1:16
Last Minute Offensive  - 0:00
Last Minute Defensive  - 0:00
Total
Forward - 60:00
Defense - 60:00

Play by Play

1st period


0:01 of 1st period - Alexander Wennberg wins face-off versus Mika Zibanejad in neutral zone.
0:36 of 1st period - Shot by Nathan MacKinnon.
0:36 of 1st period - Stopped by Andrew Hammond without a rebound.
0:37 of 1st period - Tyler Seguin wins face-off versus William Nylander in Senators zone.
0:37 of 1st period - Tyler Seguin is hit by Jakub Voracek.
1:01 of 1st period - Shot by Tyler Seguin.
1:01 of 1st period - Stopped by Ryan Miller with a rebound.
1:03 of 1st period - Shot by Mike Hoffman.
1:03 of 1st period - Shot Blocked by Mark Giordano.
1:14 of 1st period - Tyler Seguin is hit by Mark Giordano and loses puck.
1:19 of 1st period - Shot by Lauri Korpikoski.
1:19 of 1st period - Shot Hit the Post.
1:50 of 1st period - Shot by Beau Bennett.
1:50 of 1st period - Shot Misses the Net.
1:52 of 1st period - Shot by Drew Miller.
1:52 of 1st period - Stopped by Ryan Miller without a rebound.
1:53 of 1st period - Mika Zibanejad wins face-off versus Jacob De La Rose in Penguins zone.
1:53 of 1st period - Drew Doughty is hit by Olli Maatta and loses puck.
2:00 of 1st period - Shot by Mark Stone.
2:00 of 1st period - Stopped by Ryan Miller without a rebound.
2:01 of 1st period - Luke Glendening wins face-off versus Mika Zibanejad in Penguins zone.
2:16 of 1st period - Shot by David Perron.
2:16 of 1st period - Stopped by Andrew Hammond without a rebound.
2:17 of 1st period - Anton Lander wins face-off versus Alexander Wennberg in Senators zone.
2:28 of 1st period - Icing by Alexander Wennberg.
2:29 of 1st period - Alexander Wennberg wins face-off versus Tyler Seguin in Penguins zone.
2:49 of 1st period - Icing by Jason Garrison.
2:50 of 1st period - Luke Glendening wins face-off versus Tyler Seguin in Senators zone.
3:16 of 1st period - Tyler Seguin is hit by Ryan Suter.
3:21 of 1st period - Icing by Victor Hedman.
3:22 of 1st period - Anton Lander wins face-off versus Luke Glendening in Penguins zone.
3:28 of 1st period - Drew Miller is hit by Victor Hedman and loses puck.
3:34 of 1st period - Beau Bennett is hit by Victor Hedman and loses puck.
4:15 of 1st period - Icing by Connor Murphy.
4:16 of 1st period - Mika Zibanejad wins face-off versus Jacob De La Rose in Senators zone.
4:28 of 1st period - Off-side.
4:29 of 1st period - Tyler Seguin wins face-off versus William Nylander in neutral zone.
4:29 of 1st period - Tyler Seguin is hit by Jakub Voracek.
5:51 of 1st period - Shot by Patrick Marleau.
5:51 of 1st period - Shot Misses the Net.
7:17 of 1st period - Shot by Tyler Seguin.
7:17 of 1st period - Shot Blocked by Ryan Suter.
7:45 of 1st period - Shot by Tyler Seguin.
7:45 of 1st period - Shot Misses the Net.
7:47 of 1st period - Shot by Mike Hoffman.
7:47 of 1st period - Shot Misses the Net.
7:51 of 1st period - Shot by Tyler Seguin.
7:51 of 1st period - Shot Misses the Net.
8:30 of 1st period - Shot by William Nylander.
8:30 of 1st period - Shot Misses the Net.
9:17 of 1st period - Shot by Nathan MacKinnon.
9:17 of 1st period - Shot Blocked by Drew Doughty.
10:24 of 1st period - Off-side.
10:25 of 1st period - Tyler Seguin wins face-off versus Luke Glendening in neutral zone.
10:44 of 1st period - Shot by David Perron.
10:44 of 1st period - Stopped by Andrew Hammond without a rebound.
10:45 of 1st period - Tyler Seguin wins face-off versus William Nylander in Senators zone.
10:52 of 1st period - Shot by Tyler Seguin.
10:52 of 1st period - Stopped by Ryan Miller without a rebound.
10:53 of 1st period - David Perron wins face-off versus Beau Bennett in Penguins zone.
11:04 of 1st period - Shot by David Perron.
11:04 of 1st period - Stopped by Andrew Hammond without a rebound.
11:05 of 1st period - Mika Zibanejad wins face-off versus William Nylander in Senators zone.
11:26 of 1st period - Ryan Suter is hit by Connor Murphy and loses puck.
11:46 of 1st period - Icing by Connor Murphy.
11:47 of 1st period - Alexander Wennberg wins face-off versus Mika Zibanejad in Senators zone.
11:48 of 1st period - Shot by Phil Kessel.
11:48 of 1st period - Shot Misses the Net.
12:11 of 1st period - Nathan MacKinnon is hit by Drew Miller and loses puck.
12:33 of 1st period - Shot by Drew Miller.
12:33 of 1st period - Stopped by Ryan Miller without a rebound.
12:34 of 1st period - Tyler Seguin wins face-off versus Luke Glendening in Penguins zone.
12:45 of 1st period - Shot by Lauri Korpikoski.
12:45 of 1st period - Shot Misses the Net.
12:53 of 1st period - Shot by Mike Hoffman.
12:53 of 1st period - Deflect By Tyler Seguin.
12:53 of 1st period - Shot Blocked by Luke Glendening.
12:55 of 1st period - Shot by Tyler Seguin.
12:55 of 1st period - Shot Misses the Net.
13:05 of 1st period - Shot by Tyler Seguin.
13:05 of 1st period - Goal by Tyler Seguin - Senators : 1 - Penguins : 0.
13:06 of 1st period - William Nylander wins face-off versus Anton Lander in neutral zone.
13:06 of 1st period - William Nylander is hit by Anton Lander.
13:07 of 1st period - Minor Penalty to Drew Miller for Roughing.
13:08 of 1st period - Anton Lander wins face-off versus Alexander Wennberg in Senators zone.
13:08 of 1st period - Anton Lander is hit by Alexander Wennberg.
13:21 of 1st period - Icing by Mark Giordano.
13:22 of 1st period - Anton Lander wins face-off versus Alexander Wennberg in Penguins zone.
14:27 of 1st period - Icing by Victor Hedman.
14:28 of 1st period - William Nylander wins face-off versus Anton Lander in Penguins zone.
15:13 of 1st period - Shot by Ryan Callahan.
15:13 of 1st period - Stopped by Andrew Hammond without a rebound.
15:14 of 1st period - Tyler Seguin wins face-off versus Luke Glendening in Senators zone.
15:14 of 1st period - Tyler Seguin is hit by David Perron.
15:21 of 1st period - Minor Penalty to Luke Schenn for Hooking.
15:22 of 1st period - Alexander Wennberg wins face-off versus Steve Bernier in Senators zone.
15:39 of 1st period - Shot by Mark Giordano.
15:39 of 1st period - Stopped by Andrew Hammond with a rebound.
16:50 of 1st period - Shot by Jakub Voracek.
16:50 of 1st period - Shot Blocked by Michael Stone.
17:17 of 1st period - Shot by Mark Giordano.
17:17 of 1st period - Shot Misses the Net.
17:33 of 1st period - Shot by David Perron.
17:33 of 1st period - Shot Blocked by Mark Stone.
17:41 of 1st period - Shot by David Perron.
17:41 of 1st period - Deflect By Luke Glendening.
17:41 of 1st period - Stopped by Andrew Hammond without a rebound.
17:42 of 1st period - Lauri Korpikoski wins face-off versus Jacob De La Rose in Senators zone.
18:15 of 1st period - Icing by Jared Cowen.
18:16 of 1st period - William Nylander wins face-off versus Tyler Seguin in Senators zone.
19:14 of 1st period - Icing by Mark Giordano.
19:15 of 1st period - Mika Zibanejad wins face-off versus William Nylander in Penguins zone.
Goals for this period are 1 for Senators vs 0 for Penguins.
Shots for this period are 6 for Senators vs 7 for Penguins.

2nd period


0:01 of 2nd period - Alexander Wennberg wins face-off versus Anton Lander in neutral zone.
0:12 of 2nd period - Shot by Nathan MacKinnon.
0:12 of 2nd period - Stopped by Andrew Hammond with a rebound.
0:16 of 2nd period - Shot by Alexander Wennberg.
0:16 of 2nd period - Stopped by Andrew Hammond with a rebound.
0:26 of 2nd period - Shot by Phil Kessel.
0:26 of 2nd period - Shot Misses the Net.
0:44 of 2nd period - Shot by Alexander Wennberg.
0:44 of 2nd period - Stopped by Andrew Hammond without a rebound.
0:45 of 2nd period - William Nylander wins face-off versus Mika Zibanejad in Senators zone.
1:42 of 2nd period - Mark Barberio is hit by Mika Zibanejad and loses puck.
2:10 of 2nd period - Shot by David Perron.
2:10 of 2nd period - Stopped by Andrew Hammond without a rebound.
2:11 of 2nd period - Anton Lander wins face-off versus Alexander Wennberg in Senators zone.
3:29 of 2nd period - Alexander Wennberg is hit by Tyler Seguin and loses puck.
4:04 of 2nd period - Jared Cowen is hit by Jakub Voracek and loses puck.
5:20 of 2nd period - Mark Giordano is hit by Connor Murphy and loses puck.
5:52 of 2nd period - Minor Penalty to Olli Maatta for Hooking.
5:52 of 2nd period - Minor Penalty to Mark Stone for Holding.
5:53 of 2nd period - Tyler Seguin wins face-off versus Phil Kessel in Penguins zone.
6:18 of 2nd period - Icing by Beau Bennett.
6:19 of 2nd period - Nathan MacKinnon wins face-off versus Tyler Seguin in Senators zone.
9:09 of 2nd period - Shot by Connor Murphy.
9:09 of 2nd period - Shot Misses the Net.
9:18 of 2nd period - Icing by Ryan Suter.
9:19 of 2nd period - Mika Zibanejad wins face-off versus Alexander Wennberg in Penguins zone.
10:03 of 2nd period - Icing by Mike Hoffman.
10:04 of 2nd period - Tyler Seguin wins face-off versus Luke Glendening in Senators zone.
10:13 of 2nd period - Shot by Luke Glendening.
10:13 of 2nd period - Stopped by Andrew Hammond without a rebound.
10:14 of 2nd period - Jacob De La Rose wins face-off versus Anton Lander in Senators zone.
10:30 of 2nd period - Icing by Mark Giordano.
10:31 of 2nd period - Tyler Seguin wins face-off versus Daniel Paille in Penguins zone.
10:55 of 2nd period - Icing by Jason Garrison.
10:56 of 2nd period - William Nylander wins face-off versus Tyler Seguin in Senators zone.
11:15 of 2nd period - Shot by Tyler Seguin.
11:15 of 2nd period - Shot Blocked by Mark Barberio.
11:52 of 2nd period - Icing by Mark Barberio.
11:53 of 2nd period - Mika Zibanejad wins face-off versus William Nylander in Penguins zone.
12:01 of 2nd period - Minor Penalty to Mika Zibanejad for Unsportsmanlike conduct.
12:02 of 2nd period - Alexander Wennberg wins face-off versus Steve Bernier in Senators zone.
12:11 of 2nd period - Shot by Phil Kessel.
12:11 of 2nd period - Shot Misses the Net.
12:26 of 2nd period - Icing by Ryan Suter.
12:27 of 2nd period - Alexander Wennberg wins face-off versus Anton Lander in Penguins zone.
14:27 of 2nd period - Luke Glendening is hit by Connor Murphy and loses puck.
14:40 of 2nd period - Shot by Mark Stone.
14:40 of 2nd period - Stopped by Ryan Miller with a rebound.
14:51 of 2nd period - Mike Hoffman is hit by Olli Maatta and loses puck.
14:57 of 2nd period - Tyler Seguin is hit by Mark Barberio and loses puck.
14:58 of 2nd period - Minor Penalty to Olli Maatta for Charging.
14:59 of 2nd period - Mika Zibanejad wins face-off versus Jacob De La Rose in Penguins zone.
15:04 of 2nd period - Shot by Lauri Korpikoski.
15:04 of 2nd period - Shot Misses the Net.
15:06 of 2nd period - Shot by Jared Cowen.
15:06 of 2nd period - Shot Misses the Net.
15:08 of 2nd period - Shot by Michael Stone.
15:08 of 2nd period - Stopped by Ryan Miller without a rebound.
15:09 of 2nd period - Tyler Seguin wins face-off versus Luke Glendening in Penguins zone.
15:46 of 2nd period - Shot by Tyler Seguin.
15:46 of 2nd period - Stopped by Ryan Miller without a rebound.
15:47 of 2nd period - Luke Glendening wins face-off versus Mika Zibanejad in Penguins zone.
15:47 of 2nd period - Luke Glendening is hit by Lauri Korpikoski.
16:14 of 2nd period - Off-side.
16:15 of 2nd period - Luke Glendening wins face-off versus Tyler Seguin in neutral zone.
16:33 of 2nd period - Victor Hedman is hit by Mark Stone and loses puck.
17:40 of 2nd period - Shot by Jakub Voracek.
17:40 of 2nd period - Shot Misses the Net.
18:14 of 2nd period - Ryan Suter is hit by Beau Bennett.
18:35 of 2nd period - Icing by Marc Methot.
18:36 of 2nd period - Anton Lander wins face-off versus Luke Glendening in Senators zone.
18:51 of 2nd period - Shot by Ryan Callahan.
18:51 of 2nd period - Shot Misses the Net.
18:53 of 2nd period - Shot by Ryan Callahan.
18:53 of 2nd period - Shot Blocked by Connor Murphy.
18:55 of 2nd period - Shot by Luke Glendening.
18:55 of 2nd period - Stopped by Andrew Hammond without a rebound.
18:56 of 2nd period - Jacob De La Rose wins face-off versus Tyler Seguin in Senators zone.
18:56 of 2nd period - Ryan Suter is hit by Michael Stone and loses puck.
19:24 of 2nd period - Ryan Suter is hit by Michael Stone.
19:49 of 2nd period - Minor Penalty to Mika Zibanejad for Holding Stick.
19:50 of 2nd period - Steve Bernier wins face-off versus Nathan MacKinnon in Senators zone.
Goals for this period are 0 for Senators vs 0 for Penguins.
Shots for this period are 3 for Senators vs 6 for Penguins.

3rd period


0:01 of 3rd period - Alexander Wennberg wins face-off versus Steve Bernier in neutral zone.
0:58 of 3rd period - Off-side.
0:59 of 3rd period - Anton Lander wins face-off versus William Nylander in neutral zone.
1:02 of 3rd period - David Savard is hit by Anton Lander and loses puck.
1:12 of 3rd period - Minor Penalty to Brandon Saad for Goalie Interference.
1:13 of 3rd period - Tyler Seguin wins face-off versus Nathan MacKinnon in Penguins zone.
1:22 of 3rd period - Shot by Mark Stone.
1:22 of 3rd period - Shot Misses the Net.
1:27 of 3rd period - Icing by Nathan MacKinnon.
1:28 of 3rd period - Tyler Seguin wins face-off versus Nathan MacKinnon in Penguins zone.
1:43 of 3rd period - Shot by Phil Kessel.
1:43 of 3rd period - Shot Misses the Net.
1:45 of 3rd period - Shot by Phil Kessel.
1:45 of 3rd period - Stopped by Andrew Hammond with a rebound.
1:47 of 3rd period - Shot by Phil Kessel.
1:47 of 3rd period - Shot Misses the Net.
1:51 of 3rd period - Shot by Luke Glendening.
1:51 of 3rd period - Stopped by Andrew Hammond without a rebound.
1:52 of 3rd period - Mika Zibanejad wins face-off versus Luke Glendening in Senators zone.
1:52 of 3rd period - Mika Zibanejad is hit by Luke Glendening.
2:07 of 3rd period - Minor Penalty to Drew Doughty for Tripping.
2:08 of 3rd period - Tyler Seguin wins face-off versus Nathan MacKinnon in Senators zone.
2:27 of 3rd period - Shot by Phil Kessel.
2:27 of 3rd period - Shot Misses the Net.
2:31 of 3rd period - Shot by Phil Kessel.
2:31 of 3rd period - Goal by Phil Kessel - Senators : 1 - Penguins : 1.
2:32 of 3rd period - Alexander Wennberg wins face-off versus Mika Zibanejad in neutral zone.
2:59 of 3rd period - Shot by Alexander Wennberg.
2:59 of 3rd period - Stopped by Andrew Hammond with a rebound.
3:09 of 3rd period - Shot by Jakub Voracek.
3:09 of 3rd period - Shot Misses the Net.
4:29 of 3rd period - Shot by Mika Zibanejad.
4:29 of 3rd period - Shot Misses the Net.
4:37 of 3rd period - Shot by David Perron.
4:37 of 3rd period - Goal by David Perron - Senators : 1 - Penguins : 2.
4:38 of 3rd period - Alexander Wennberg wins face-off versus Tyler Seguin in neutral zone.
4:41 of 3rd period - Michael Stone is hit by Phil Kessel and loses puck.
4:56 of 3rd period - Shot by Nathan MacKinnon.
4:56 of 3rd period - Stopped by Andrew Hammond without a rebound.
4:57 of 3rd period - Jacob De La Rose wins face-off versus Anton Lander in Senators zone.
5:26 of 3rd period - Shot by Jacob De La Rose.
5:26 of 3rd period - Stopped by Andrew Hammond without a rebound.
5:27 of 3rd period - Mika Zibanejad wins face-off versus Alexander Wennberg in Senators zone.
5:32 of 3rd period - Phil Kessel is hit by Mika Zibanejad and loses puck.
5:45 of 3rd period - Shot by Mark Giordano.
5:45 of 3rd period - Stopped by Andrew Hammond without a rebound.
5:46 of 3rd period - Luke Glendening wins face-off versus Tyler Seguin in Senators zone.
5:49 of 3rd period - Shot by David Perron.
5:49 of 3rd period - Shot Misses the Net.
6:01 of 3rd period - Ryan Suter is hit by Lauri Korpikoski and loses puck.
6:13 of 3rd period - Icing by Luke Glendening.
6:14 of 3rd period - Mika Zibanejad wins face-off versus Ryan Callahan in Penguins zone.
6:15 of 3rd period - Shot by Patrick Marleau.
6:15 of 3rd period - Stopped by Ryan Miller without a rebound.
6:16 of 3rd period - Nathan MacKinnon wins face-off versus Patrick Marleau in Penguins zone.
6:26 of 3rd period - Icing by Nathan MacKinnon.
6:27 of 3rd period - Alexander Wennberg wins face-off versus Mike Hoffman in Penguins zone.
7:03 of 3rd period - Icing by Mark Giordano.
7:04 of 3rd period - Mika Zibanejad wins face-off versus Alexander Wennberg in Penguins zone.
7:49 of 3rd period - Shot by Mika Zibanejad.
7:49 of 3rd period - Goal by Mika Zibanejad - Senators : 2 - Penguins : 2.
7:50 of 3rd period - William Nylander wins face-off versus Tyler Seguin in neutral zone.
7:52 of 3rd period - Off-side.
7:53 of 3rd period - William Nylander wins face-off versus Mike Hoffman in neutral zone.
7:56 of 3rd period - Connor Murphy is hit by Jakub Voracek and loses puck.
8:09 of 3rd period - Shot by Jakub Voracek.
8:09 of 3rd period - Stopped by Andrew Hammond with a rebound.
8:11 of 3rd period - Shot by William Nylander.
8:11 of 3rd period - Stopped by Andrew Hammond without a rebound.
8:12 of 3rd period - Luke Glendening wins face-off versus Anton Lander in Senators zone.
8:12 of 3rd period - Olli Maatta is hit by Luke Schenn.
8:46 of 3rd period - Off-side.
8:47 of 3rd period - William Nylander wins face-off versus Mika Zibanejad in neutral zone.
8:49 of 3rd period - Ryan Suter is hit by Mika Zibanejad.
9:09 of 3rd period - Shot by Jakub Voracek.
9:09 of 3rd period - Stopped by Andrew Hammond without a rebound.
9:10 of 3rd period - Tyler Seguin wins face-off versus Alexander Wennberg in Senators zone.
9:10 of 3rd period - Tyler Seguin is hit by Phil Kessel.
10:17 of 3rd period - Icing by Connor Murphy.
10:18 of 3rd period - William Nylander wins face-off versus Mika Zibanejad in Senators zone.
10:59 of 3rd period - Shot by Mika Zibanejad.
10:59 of 3rd period - Deflect By Mark Stone.
10:59 of 3rd period - Stopped by Ryan Miller with a rebound.
11:07 of 3rd period - Icing by Mika Zibanejad.
11:08 of 3rd period - Mika Zibanejad wins face-off versus Luke Glendening in Senators zone.
11:08 of 3rd period - Mika Zibanejad is hit by Luke Glendening.
11:29 of 3rd period - Shot by Luke Glendening.
11:29 of 3rd period - Deflect By David Perron.
11:29 of 3rd period - Shot Misses the Net.
11:31 of 3rd period - Shot by Ryan Callahan.
11:31 of 3rd period - Goal by Ryan Callahan - Senators : 2 - Penguins : 3.
11:32 of 3rd period - Lauri Korpikoski wins face-off versus Alexander Wennberg in neutral zone.
11:40 of 3rd period - Shot by Lauri Korpikoski.
11:40 of 3rd period - Deflect By Mike Hoffman.
11:40 of 3rd period - Shot Misses the Net.
11:42 of 3rd period - Shot by Jason Garrison.
11:42 of 3rd period - Stopped by Ryan Miller with a rebound.
11:44 of 3rd period - Shot by Mike Hoffman.
11:44 of 3rd period - Stopped by Ryan Miller without a rebound.
11:45 of 3rd period - Luke Glendening wins face-off versus Anton Lander in Penguins zone.
11:45 of 3rd period - Luke Glendening is hit by Beau Bennett.
11:59 of 3rd period - Shot by David Perron.
11:59 of 3rd period - Stopped by Andrew Hammond without a rebound.
12:00 of 3rd period - Tyler Seguin wins face-off versus William Nylander in Senators zone.
12:32 of 3rd period - Shot by Mike Hoffman.
12:32 of 3rd period - Shot Misses the Net.
12:34 of 3rd period - Shot by Michael Stone.
12:34 of 3rd period - Stopped by Ryan Miller without a rebound.
12:35 of 3rd period - Alexander Wennberg wins face-off versus Mika Zibanejad in Penguins zone.
12:48 of 3rd period - Shot by Alexander Wennberg.
12:48 of 3rd period - Stopped by Andrew Hammond without a rebound.
12:49 of 3rd period - Luke Glendening wins face-off versus Anton Lander in Senators zone.
12:55 of 3rd period - Luke Glendening is hit by Luke Schenn and loses puck.
13:03 of 3rd period - Shot by David Perron.
13:03 of 3rd period - Shot Misses the Net.
13:05 of 3rd period - Shot by Ryan Callahan.
13:05 of 3rd period - Shot Misses the Net.
13:07 of 3rd period - Shot by Luke Glendening.
13:07 of 3rd period - Goal by Luke Glendening - Senators : 2 - Penguins : 4.
13:08 of 3rd period - Mika Zibanejad wins face-off versus William Nylander in neutral zone.
13:29 of 3rd period - Drew Doughty is hit by Brandon Saad.
13:36 of 3rd period - Icing by Drew Doughty.
13:37 of 3rd period - Alexander Wennberg wins face-off versus Mika Zibanejad in Senators zone.
13:37 of 3rd period - Phil Kessel is hit by Connor Murphy and loses puck.
13:50 of 3rd period - Shot by Mark Stone.
13:50 of 3rd period - Shot Misses the Net.
14:11 of 3rd period - Icing by Drew Doughty.
14:12 of 3rd period - William Nylander wins face-off versus Mika Zibanejad in Senators zone.
14:12 of 3rd period - Victor Hedman is hit by Connor Murphy and loses puck.
14:27 of 3rd period - Mark Stone is hit by Brandon Saad and loses puck.
14:31 of 3rd period - Icing by Mark Stone.
14:32 of 3rd period - Mika Zibanejad wins face-off versus Luke Glendening in Senators zone.
14:32 of 3rd period - Mika Zibanejad is hit by David Perron.
15:17 of 3rd period - Michael Stone is hit by Luke Glendening and loses puck.
16:17 of 3rd period - Mike Hoffman is hit by Mark Giordano and loses puck.
16:38 of 3rd period - Shot by Nathan MacKinnon.
16:38 of 3rd period - Shot Misses the Net.
16:40 of 3rd period - Shot by Phil Kessel.
16:40 of 3rd period - Stopped by Andrew Hammond without a rebound.
16:41 of 3rd period - Jacob De La Rose wins face-off versus Patrick Marleau in Senators zone.
16:57 of 3rd period - Shot by Patrick Marleau.
16:57 of 3rd period - Stopped by Ryan Miller without a rebound.
16:58 of 3rd period - Anton Lander wins face-off versus Luke Glendening in Penguins zone.
16:58 of 3rd period - Minor Penalty to David Savard for Hooking.
16:59 of 3rd period - Luke Glendening wins face-off versus Beau Bennett in Penguins zone.
16:59 of 3rd period - Victor Hedman is hit by Beau Bennett and loses puck.
17:24 of 3rd period - Shot by Mark Stone.
17:24 of 3rd period - Stopped by Ryan Miller without a rebound.
17:25 of 3rd period - Luke Glendening wins face-off versus Beau Bennett in Penguins zone.
17:49 of 3rd period - Shot by Jared Cowen.
17:49 of 3rd period - Stopped by Ryan Miller without a rebound.
17:50 of 3rd period - Luke Glendening wins face-off versus Mika Zibanejad in Penguins zone.
18:03 of 3rd period - Shot by Mika Zibanejad.
18:03 of 3rd period - Shot Misses the Net.
18:05 of 3rd period - Shot by Drew Doughty.
18:05 of 3rd period - Stopped by Ryan Miller without a rebound.
18:06 of 3rd period - Tyler Seguin wins face-off versus Luke Glendening in Penguins zone.
18:20 of 3rd period - Off-side.
18:21 of 3rd period - Luke Glendening wins face-off versus Tyler Seguin in neutral zone.
18:32 of 3rd period - Shot by Drew Doughty.
18:32 of 3rd period - Shot Blocked by Ryan Suter.
18:42 of 3rd period - Shot by Mark Stone.
18:42 of 3rd period - Shot Misses the Net.
18:44 of 3rd period - Shot by Patrick Marleau.
18:44 of 3rd period - Stopped by Ryan Miller with a rebound.
18:46 of 3rd period - Shot by Tyler Seguin.
18:46 of 3rd period - Stopped by Ryan Miller with a rebound.
18:48 of 3rd period - Shot by Drew Doughty.
18:48 of 3rd period - Stopped by Ryan Miller without a rebound.
18:49 of 3rd period - Ryan Callahan wins face-off versus Mika Zibanejad in Penguins zone.
19:00 of 3rd period - Shot by Mike Hoffman.
19:00 of 3rd period - Stopped by Ryan Miller without a rebound.
19:01 of 3rd period - Anton Lander wins face-off versus William Nylander in Penguins zone.
19:11 of 3rd period - Shot by Jakub Voracek.
19:11 of 3rd period - Shot Blocked by Beau Bennett.
19:13 of 3rd period - Shot by Olli Maatta.
19:13 of 3rd period - Shot Misses the Net.
19:29 of 3rd period - Olli Maatta and Anton Lander fight to a draw.
19:29 of 3rd period - Penalty to Olli Maatta for Fighting.
19:29 of 3rd period - Penalty to Anton Lander for Fighting.
19:30 of 3rd period - Alexander Wennberg wins face-off versus Mark Stone in Penguins zone.
19:30 of 3rd period - Alexander Wennberg is hit by Mika Zibanejad.
19:40 of 3rd period - Shot by Nathan MacKinnon.
19:40 of 3rd period - Shot Blocked by Luke Schenn.
19:42 of 3rd period - Shot by Ryan Suter.
19:42 of 3rd period - Stopped by Andrew Hammond without a rebound.
19:43 of 3rd period - Luke Glendening wins face-off versus Mike Hoffman in Senators zone.
19:55 of 3rd period - Minor Penalty to Luke Glendening for Holding.
19:56 of 3rd period - Jacob De La Rose wins face-off versus Tyler Seguin in Penguins zone.
Goals for this period are 1 for Senators vs 4 for Penguins.
Shots for this period are 14 for Senators vs 17 for Penguins.